[Event "2nd Bassano Easter 2022"]
[Site "Bassano del Grappa"]
[Date "2022.04.15"]
[Round "2.2"]
[White "Hilverda, Alexander"]
[Black "Basso, Pier Luigi"]
[Result "0-1"]
[ECO "E90"]
[WhiteElo "2282"]
[BlackElo "2600"]
[Annotator "TA"]
[PlyCount "74"]
[EventDate "2022.04.14"]
[EventType "swiss"]
[EventCountry "ITA"]
[SourceTitle "playchess.com"]
[Source "ChessBase"]
[SourceQuality "1"]
[TimeControl "30/3600+30:1800+30"]

1. d4 g6 2. c4 Bg7 3. Nf3 c5 4. d5 d6 5. e4 Nf6 6. Nc3 O-O 7. h3 e6 8. Bd3 Na6 9. O-O Nc7 10. Re1 a6 11. a4 {[%emt 0:02:27][%cal Ba2a4,Ba4a5][%mdl 32] Against b5. E90: King's Indian: Classical: Early deviations and 6 h3.} e5 $5 {[%emt 0:00:18][%mdl 4] Leaves trodden paths.} 12. a5 {[%emt 0:03:51] [#]} Rb8 $146 ({Predecessor:} 12... Bd7 13. Rb1 Nce8 14. b4 cxb4 15. Rxb4 Qxa5 16. Qb3 b5 17. cxb5 axb5 18. Nxb5 Nh5 {½-½ (38) Kezin,R (2455)-Kryakvin,D (2583) Sochi 2017}) 13. Na4 {[%emt 0:02:04] White is better.} Bd7 14. b4 Bxa4 15. Qxa4 Nd7 16. Ba3 cxb4 17. Bxb4 Ne8 18. Qa3 Qc7 19. Nd2 Nc5 20. Bc2 Nf6 21. Ba4 Rfc8 22. Kh2 Bh6 23. f3 (23. Qf3 $11 Nfd7 24. Bxd7 Qxd7 25. Reb1) 23... Bf4+ (23... b5 $15 24. axb6 Qxb6) 24. Kh1 (24. g3 $1 $11 {keeps the balance.} Bxd2 25. Bxd2) 24... Qd8 25. Nf1 {[%emt 0:03:42] [#]} Nh5 $1 {[%emt 0:00:35] Inhibits g3.} (25... Nxa4 26. Bxd6 Rxc4 27. Bxb8 (27. Be7 Qxa5 28. Bxf6 Qb6 $15) 27... Qxb8 28. Qb3 $11) 26. Bc2 Qg5 27. g4 Nf6 {[%emt 0:01:41] Strongly threatening ...Kg7. &Nero is more active. Pair of Knights!} 28. Rad1 {[%emt 0:00:50] Loses the game.} (28. Re2 $17) 28... h5 {[%emt 0:00:20] aiming for ...Qh4.} (28... Qh4 29. Kg2 $17) 29. Bd2 (29. Re2 $142) 29... hxg4 $19 30. Bxf4 exf4 ({Not} 30... Qxf4 31. hxg4 Nxg4 32. Kg1 $19) 31. fxg4 Kg7 32. Nh2 Rh8 {[%emt 0:01:09] [#] Threatens to win with ...Rh4.} 33. Kg2 ({But not} 33. e5 Nxg4 34. Re2 (34. hxg4 $2 Rxh2+ 35. Kxh2 Rh8+ 36. Qh3 Qxg4 $19) 34... Nxe5 $19) 33... Ncd7 {[%emt 0:01:51] Black is clearly winning.} 34. Rh1 Qh4 {[%emt 0:01:41] White must now prevent ...Ne5.} 35. Qc3 Ne5 {[%emt 0:00:25] And now ...Rbc8 would win.} 36. Rde1 Rbc8 37. Bb3 Nh7 {[%emt 0:02:49] Weighted Error Value: White=0.50/Black=0.06 (flawless)} 0-1

[Event "2nd Bassano Easter 2022"]
[Site "Bassano del Grappa"]
[Date "2022.04.15"]
[Round "2.4"]
[White "Pubantz, Jan"]
[Black "Heberla, Bartlomiej"]
[Result "0-1"]
[ECO "D23"]
[WhiteElo "2271"]
[BlackElo "2570"]
[Annotator "TA"]
[PlyCount "26"]
[EventDate "2022.04.14"]
[EventType "swiss"]
[EventCountry "ITA"]
[SourceTitle "playchess.com"]
[Source "ChessBase"]
[SourceQuality "1"]
[TimeControl "30/3600+30:1800+30"]

1. d4 d5 2. c4 dxc4 3. Nf3 Nf6 4. Qa4+ Nbd7 5. Nc3 a6 6. e3 {[%emt 0:05:30] D23: Queen's Gambit Accepted: 3 Nf3 Nf6 sidelines.} Rb8 7. Bxc4 e6 {[%emt 0:02:21] Threatens to win with ...b5.} 8. Be2 b5 9. Qc2 Bb7 10. O-O c5 {[%emt 0:02:59] [#]} 11. dxc5 $146 ({Predecessor:} 11. a3 Rc8 12. dxc5 Nxc5 13. Bd2 Be7 14. Rfd1 Qc7 15. Rac1 O-O 16. Be1 Qb8 17. b4 {½-½ (37) Malakhov,V (2692)-Naiditsch,A (2693) Budva 2009}) 11... Bxc5 12. a3 Qc7 13. b4 Bd6 {[%emt 0:06:33] Weighted Error Value: White=0.07 (flawless) /Black=0.04 (flawless)} 0-1

[Event "2nd Bassano Easter 2022"]
[Site "Bassano del Grappa"]
[Date "2022.04.15"]
[Round "2.5"]
[White "Peycheva, Gergana"]
[Black "Bosiocic, Marin"]
[Result "1-0"]
[ECO "E61"]
[WhiteElo "2342"]
[BlackElo "2522"]
[Annotator "TA"]
[PlyCount "67"]
[EventDate "2022.04.14"]
[EventType "swiss"]
[EventCountry "ITA"]
[SourceTitle "playchess.com"]
[Source "ChessBase"]
[SourceQuality "1"]
[TimeControl "30/3600+30:1800+30"]

1. d4 Nf6 2. Bf4 g6 3. Nf3 d6 4. c4 Bg7 5. Nc3 Nh5 6. e3 {[%emt 0:00:30] E61: King's Indian: Early deviations for White, including Smyslov System.} (6. Bg5 $14) 6... Nxf4 $11 7. exf4 O-O 8. Be2 {[%emt 0:00:30] Black has an edge.} Nc6 {[%emt 0:00:30] [#]} 9. h3 $146 ({Predecessor:} 9. d5 Nb8 10. Rc1 Nd7 11. O-O a6 12. a4 Nf6 13. h3 Bd7 14. Nd4 Qc8 15. Kh2 {0-1 (38) Rohrbach,H (1368)-Kodalle,A (1474) Regen 2004}) 9... a5 10. O-O Bh6 11. Qd2 e6 12. Rad1 Qf6 13. Ng5 Qg7 (13... Bg7 $11 {remains equal.}) 14. Nb5 $16 {[%emt 0:00:30] Hoping for d5. Pair of Knights!} f6 {[%emt 0:00:30] [#]} 15. Nxe6 $1 {[%emt 0:00:30] 0x0.002037565f53dp-1022s more active pieces. The black rooks are badly placed.} Bxe6 16. d5 Bxh3 17. dxc6 ({Much less strong is} 17. gxh3 $6 Nd8 $14) 17... bxc6 {[%emt 0:00:30] [#]} 18. Bf3 $1 Rab8 ({Less strong is} 18... Be6 19. Bxc6 Ra6 20. Bd5 Bxd5 21. Qxd5+ Kh8 22. g3 $16) 19. Nd4 Bd7 20. Nxc6 Rb6 (20... Bxc6 $16 {was necessary.} 21. Bxc6 Kh8) 21. Nxa5 $18 f5 (21... Rfb8 {was worth a try.}) 22. b4 Ba4 23. Rde1 g5 (23... Be8 $142 24. b5 g5) 24. b5 gxf4 25. Nc6 Bg5 26. Re2 Kh8 27. Qa5 h5 28. Qxa4 h4 29. Rfe1 Qg6 30. Re6 Bf6 31. Ne7 Qg5 32. Nd5 h3 33. Rxf6 Rg8 34. Ree6 {[%emt 0:00:30] Weighted Error Value: White=0.07 (flawless) /Black=0.74} 1-0

[Event "2nd Bassano Easter 2022"]
[Site "Bassano del Grappa"]
[Date "2022.04.15"]
[Round "2.6"]
[White "Nesterov, Arseniy"]
[Black "Wyss, Jonas"]
[Result "1-0"]
[ECO "D90"]
[WhiteElo "2522"]
[BlackElo "2265"]
[Annotator "TA"]
[PlyCount "107"]
[EventDate "2022.04.14"]
[EventType "swiss"]
[EventCountry "ITA"]
[SourceTitle "playchess.com"]
[Source "ChessBase"]
[SourceQuality "1"]
[TimeControl "30/3600+30:1800+30"]

1. d4 Nf6 2. c4 g6 3. Nc3 d5 4. cxd5 Nxd5 5. Bd2 Bg7 6. e4 Nxc3 7. Bxc3 O-O 8. Nf3 Bg4 9. Be2 c5 {[%emt 0:01:49] 9...Nc6 is more advanced technology.} 10. d5 {[%emt 0:00:00] D90: Grünfeld: 4 Nf3 Bg7 sidelines.} e6 11. O-O exd5 12. exd5 {[%emt 0:00:00] The position is equal.} Qd6 13. Qb3 Nd7 14. Qxb7 {[%emt 0:00:00] [#]} Bxf3 $146 ({Predecessor:} 14... Bxc3 15. bxc3 Ne5 16. Nxe5 Bxe2 17. Nc6 Bxf1 18. Rxf1 Kg7 19. c4 Rfe8 20. g3 a6 {1-0 (50) Tunik,G (2420)-Mu,K (2386) Albena 2015}) 15. Bxf3 Bxc3 16. bxc3 Ne5 $1 {[%emt 0:01:21] Against Qc6} 17. Be2 Rab8 (17... c4 $5 18. Qb1 Qxd5 $11) 18. Qa6 Qxd5 19. f4 {[%emt 0:00:00] Hoping for Rad1.} Rb6 20. Qxa7 Rb2 21. Rf2 Qe4 {[%emt 0:17:59] [#]} 22. Qxc5 $1 $16 Rxe2 (22... Nd7 23. Qc4) 23. Qxe5 (23. Rxe2 $16 Qxe2 24. Qxe5 (24. fxe5 Rd8 $11)) 23... Qxe5 $14 24. fxe5 Rxe5 $16 {[%emt 0:00:10][%mdl 4096] Endgame KRR-KRR} 25. a4 Ra8 26. Rf4 Rc5 27. Ra3 Kg7 28. Kf2 f5 29. Ke3 Kf6 30. Rb4 Ke5 31. c4 f4+ 32. Kd2 Ke4 33. Rd3 g5 {[%emt 0:02:36][%cal Bg6g5,Bg5g4][%mdl 32] [#]} 34. Kc3 $1 g4 35. Rd4+ Ke3 36. Rb7 Rxa4 (36... h5 $14) 37. Re7+ $18 Kf2 38. Rxf4+ Kxg2 39. Rxg4+ Kh3 40. Rd4 {[%emt 0:02:27] &Bianco is more active.} h5 {[%emt 0:04:50] Black cannot hold the game after this.} (40... Kxh2 $16 {was called for.} 41. Rxh7+ Kg3) 41. Re3+ Kg2 (41... Kxh2 $2 {gets mated.} 42. Rd2+ Kh1 43. Re1#) 42. Rd2+ Kf1 43. Re4 Ra3+ 44. Kd4 Rc8 {[%emt 0:00:15] ...Rd8+ is the strong threat.} 45. Re5 h4 46. Rc2 Rg8 47. Rb5 (47. c5 $142) 47... Ra1 $2 (47... Rg4+ 48. Kd5 Rg5+ 49. Kc6 Rg6+ 50. Kc5 Ra1) 48. c5 h3 $2 (48... Rd1+ 49. Ke4 Re1+ 50. Kd5 Rg5+ 51. Kc6 h3) 49. c6 Rg4+ 50. Kc3 {[%emt 0:03:05] Intending c7 and mate.} Rg2 51. c7 {[%emt 0:00:54] White mates.} ({Inferior is} 51. Rf5+ Kg1 52. Kd3 (52. c7 $2 Ra3+ 53. Kb4 Rxc2 $19) 52... Rd1+ 53. Kc3 Ra1 $11) 51... Rg8 52. Rb8 Kg1 53. Rxg8+ Kh1 54. Rb8 {[%emt 0:00:06] Weighted Error Value: White=0.08 (flawless) /Black=0.44} 1-0

[Event "2nd Bassano Easter 2022"]
[Site "Bassano del Grappa"]
[Date "2022.04.15"]
[Round "2.8"]
[White "Nikolov, Momchil"]
[Black "Ciolek, Andreas"]
[Result "1-0"]
[ECO "E92"]
[WhiteElo "2501"]
[BlackElo "2194"]
[Annotator "TA"]
[PlyCount "65"]
[EventDate "2022.04.14"]
[EventType "swiss"]
[EventCountry "ITA"]
[SourceTitle "playchess.com"]
[Source "ChessBase"]
[SourceQuality "1"]
[TimeControl "30/3600+30:1800+30"]

1. d4 Nf6 2. c4 g6 3. Nc3 Bg7 4. e4 d6 5. h3 O-O 6. Be3 e5 7. d5 Na6 8. Nf3 Nc5 9. Nd2 a5 10. Be2 Bd7 {[%emt 0:03:00] is recently more successful than 10...Ne8.} 11. g4 c6 12. g5 {[%emt 0:01:41] E92: King's Indian: Classical: 6 Be2 e5: 7 dxe5, 7 Be3 and Petrosian System without 7...Nbd7.} Ne8 13. h4 Nc7 14. Qc2 {[%emt 0:06:50] [#] White is slightly better.} Qb8 $146 ({Predecessor:} 14... N7a6 15. a3 f5 16. Nb3 Nxe4 17. Nxe4 fxe4 18. Qxe4 Bf5 19. Qg2 c5 20. Nd2 Nc7 {1-0 (41) Simantsev,M (2473)-Maes,W (2265) Police 2013}) 15. O-O-O N7a6 16. a3 cxd5 17. Nxd5 b5 (17... Qd8 $16 {keeps fighting.}) 18. cxb5 Bxb5 19. Bxb5 Qxb5 20. Kb1 Rfb8 21. Nc4 Na4 $2 {[%emt 0:02:59] [#]} (21... Qb3 {was worth a try.} 22. Nxd6 (22. Qxb3 Rxb3 23. Nxd6 Rab8 $18) 22... Qxc2+ 23. Kxc2 Ne6) 22. Rd2 $18 ({Inferior is} 22. Nxd6 Qxb2+ 23. Qxb2 Nxb2 $11) 22... N6c5 $2 (22... Rd8 23. Nxd6 Rxd6) 23. Bxc5 {[%emt 0:03:30] Active counter play!} dxc5 24. Nc7 {[%emt 0:02:30][%csl LRa8,LRb5][%cal Bd5c7,Bc7a8,Ba8b6,Bb6d7,Bd7e5][%mdl 32] Pair of Knights!} Qc6 25. Nxa8 Nc3+ 26. Qxc3 Qxe4+ 27. Ka2 {[%emt 0:00:14] [#] Rhd1 is the strong threat.} Qxh1 28. Nab6 Qxh4 29. Qg3 Qh1 (29... Qxg3 30. fxg3 e4) 30. Nd7 Rd8 31. Ndxe5 Rd4 (31... Rxd2 $142 32. Nxd2 Qd5+ 33. Nec4 Bd4) 32. Rxd4 cxd4 33. Qf3 {[%emt 0:00:19] Black did not feel at home in the position after the opening.  Weighted Error Value: White=0.20 (precise) /Black=0.80} 1-0

[Event "2nd Bassano Easter 2022"]
[Site "Bassano del Grappa"]
[Date "2022.04.15"]
[Round "2.9"]
[White "Spyratos, Nikolaos"]
[Black "Abel, Dennes"]
[Result "1/2-1/2"]
[ECO "D10"]
[WhiteElo "2100"]
[BlackElo "2442"]
[Annotator "TA"]
[PlyCount "91"]
[EventDate "2022.04.14"]
[EventType "swiss"]
[EventCountry "ITA"]
[SourceTitle "playchess.com"]
[Source "ChessBase"]
[SourceQuality "1"]
[TimeControl "30/3600+30:1800+30"]

1. d4 d5 2. c4 c6 3. cxd5 cxd5 4. Bf4 Nf6 5. Nc3 Nc6 6. e3 a6 7. Be2 e6 {[%emt 0:02:25] D10: Slav Defence: 3 cxd5 (without early Nf3) and 3 Nc3.} 8. Bd3 Be7 9. h3 {[%emt 0:02:51] [#]} b5 $146 {[%emt 0:08:33] The position is equal.} ({Predecessor:} 9... O-O 10. Nf3 Bd6 11. Bxd6 Qxd6 12. O-O Bd7 13. a3 Rac8 14. Na4 Rc7 15. b4 Rfc8 16. Nc5 g6 17. Qd2 e5 18. dxe5 Nxe5 19. Nxe5 Qxe5 20. f4 Qe7 21. Nxd7 Qxd7 {0-1 (73) Chabot,R (2153)-Perez Rodriguez,L (2368) Montreal 2017}) 10. a4 b4 11. Nb1 Bd6 12. Bxd6 Qxd6 13. Nf3 e5 14. dxe5 Nxe5 15. Be2 O-O 16. Nbd2 Be6 17. Nb3 Ng6 (17... Rfc8 $14 {might be stronger.}) 18. O-O $16 Ne4 19. Qd4 f5 20. Rfd1 Kh8 21. Rac1 Bg8 22. Nc5 a5 23. Bb5 Qe7 (23... Rfc8 $14 24. Nb3 Rxc1 25. Rxc1 f4) 24. Nd7 Rfd8 {[%emt 0:00:26] [#]} 25. Nde5 Rd6 26. Rc6 Nf8 (26... Nxe5 $16 27. Qxe5 Qxe5 28. Nxe5 Rxc6 29. Nxc6 (29. Bxc6 Rc8 $14) 29... g6) 27. Qb6 $18 Rdd8 28. Rc7 {[%emt 0:01:16] &Bianco is much more active.} Qd6 29. Qxd6 Rxd6 30. Rdc1 Rad8 (30... g6 {keeps fighting.} 31. Rc8 Rd8 32. Rxd8 Rxd8) 31. Nc6 Ra8 32. Ncd4 g6 33. Re7 Rf6 34. g3 g5 35. Rc6 Ng6 {[%emt 0:00:06] [#]} 36. Rxe4 Rxc6 37. Bxc6 dxe4 38. Bxa8 exf3 39. Bxf3 {[%emt 0:00:29][%mdl 4096] Endgame KBN-KBN} f4 40. Be2 ({Better is} 40. exf4 $18 gxf4 41. Nc6) 40... fxe3 $16 41. fxe3 {[%emt 0:00:02] Hoping for Nc6.} Ne5 {[%emt 0:00:26] Against Nc6} 42. Kf2 Bd5 43. Bb5 Kg7 44. e4 Bxe4 45. Nb3 Nc6 46. Ke3 {[%emt 0:01:03] Weighted Error Value: White=0.13 (very precise) /Black=0.14 (very precise)} 1/2-1/2

[Event "2nd Bassano Easter 2022"]
[Site "Bassano del Grappa"]
[Date "2022.04.15"]
[Round "2.10"]
[White "Petkidis, Anthony"]
[Black "Huber, Benedikt"]
[Result "1-0"]
[ECO "E05"]
[WhiteElo "2420"]
[BlackElo "2191"]
[Annotator "TA"]
[PlyCount "91"]
[EventDate "2022.04.14"]
[EventType "swiss"]
[EventCountry "ITA"]
[SourceTitle "playchess.com"]
[Source "ChessBase"]
[SourceQuality "1"]
[TimeControl "30/3600+30:1800+30"]

1. Nf3 d5 2. c4 e6 3. g3 Nf6 4. Bg2 Be7 5. O-O O-O 6. d4 dxc4 7. Qc2 a6 8. a4 Bd7 9. Qxc4 Bc6 10. Bg5 Bd5 11. Qc2 Be4 12. Qc1 Nc6 13. Nbd2 {[%emt 0:09:56] aiming for Bxf6. E05: Open Catalan: 5 Nf3 Be7.} Nxd4 (13... Bg6 {looks sharper.} 14. e3 h6 15. Bxf6 Bxf6 16. Qc3 Qe7) 14. Nxd4 Bxg2 {[%emt 0:00:08] [#]} 15. Nxe6 $1 {[%emt 0:00:37] The position is equal.} fxe6 16. Kxg2 {[%emt 0:00:15] [#]} h6 $146 ({Black should play} 16... Qd5+ $11 17. Nf3 h6 18. Bxf6 Bxf6) ({Predecessor:} 16... Qd5+ 17. Nf3 c5 18. a5 h6 19. Bd2 e5 20. Be3 c4 21. Qc3 Ng4 22. Rad1 Qb5 23. Bb6 Rac8 24. Qc2 Nf6 25. Qf5 {½-½ (25) Schmidt,T (2435)-Rogos,J (2507) ICCF email 2019}) 17. Bxf6 $14 Bxf6 18. Ne4 Qd4 19. Qc2 (19. f3 {is more complex.} Qxb2 20. Rb1 Qa2 21. Rxb7 Bd4 22. Qd2) 19... Qxb2 20. Qxb2 (20. Nxf6+ {seems wilder.} Qxf6 21. Qxc7 Rab8 22. a5) 20... Bxb2 21. Rab1 Bd4 22. Rxb7 Bb6 23. Nd2 Kf7 (23... Ra7 $14 24. Rxa7 Bxa7) 24. Nc4 $16 Rfb8 $2 {[%emt 0:00:54] [#] A mistake that costs the game.} 25. Nxb6 $1 $18 Rxb7 26. Nxa8 {[%emt 0:00:08][%mdl 4096] Endgame KRN-KR} Ra7 {[%emt 0:00:03] [#]} 27. Rc1 $1 Rxa8 28. Rxc7+ {[%emt 0:00:06] KR-KR} Kf6 29. h4 h5 30. Rc5 e5 31. Kf3 {[%emt 0:05:11] White is clearly winning.} Rb8 32. Rc6+ Kf7 33. Rxa6 Rb2 34. a5 Ra2 35. Ra8 {[%emt 0:00:24] Hoping for a6.} Ra4 36. a6 Ra2 37. Ke3 Ra3+ 38. Kd2 (38. Ke4 $142 Ra2 39. Kf5) 38... Ra2+ (38... e4 $142 39. a7 Ra6) 39. Kd3 Ra3+ 40. Kc4 Ra2 41. a7 Ra5 42. e4 Ra1 43. Kd5 Ra5+ 44. Kd6 Kg6 45. Ke6 Kh7 46. Kf5 {[%emt 0:00:21] Weighted Error Value: White=0.26 (precise) /Black=0.43} 1-0

[Event "2nd Bassano Easter 2022"]
[Site "Bassano del Grappa"]
[Date "2022.04.15"]
[Round "3.1"]
[White "Petkidis, Anthony"]
[Black "Bernadskiy, Vitaliy"]
[Result "1-0"]
[ECO "B10"]
[WhiteElo "2420"]
[BlackElo "2601"]
[Annotator "TA"]
[PlyCount "105"]
[EventDate "2022.04.14"]
[EventType "swiss"]
[EventCountry "ITA"]
[SourceTitle "playchess.com"]
[Source "ChessBase"]
[SourceQuality "1"]
[TimeControl "30/3600+30:1800+30"]

1. e4 c6 2. Nf3 d5 3. d3 Bg4 4. Be2 dxe4 5. dxe4 Qxd1+ 6. Kxd1 {[%emt 0:00:16] B10: Caro-Kann: 2 d3 and 2 c4.} Nd7 7. Nfd2 Bxe2+ 8. Kxe2 {[%emt 0:00:19] White has an edge.} Ngf6 9. f3 {[%emt 0:02:15] [#]} g5 $146 ({Predecessor:} 9... Ne5 10. a4 g5 11. Na3 g4 12. f4 Ned7 13. e5 Nd5 14. Ne4 f5 15. exf6 exf6 {0-1 (50) Ryan,J (2293)-Turner,M (2521) Dublin 2020}) 10. Nc4 g4 11. Be3 Rg8 12. Nbd2 e5 13. Rhf1 gxf3+ 14. Kxf3 b6 15. g3 Ke7 16. Ke2 Ke6 17. Rf3 h5 18. Raf1 Be7 19. Rf5 h4 20. gxh4 Rg2+ 21. R5f2 Rg4 22. Bg5 $1 Nxe4 23. Rxf7 Nxg5 24. hxg5 {[%emt 0:00:17] The board is on fire.} Rh8 25. R1f2 ({Reject} 25. h4 Rhxh4 26. Ne3 Rh2+ 27. R7f2 Rxf2+ 28. Kxf2 Rf4+ 29. Ke2 Rxf1 30. Nexf1 Bxg5 $17) 25... Rxg5 26. R7f3 Rgh5 27. Nf1 $1 Nf6 28. Nce3 Nd5 29. Nxd5 cxd5 30. Rg2 e4 31. Rfg3 d4 32. Rg7 Rb5 33. b3 Rc5 {[%emt 0:02:46] [#] aiming for ...Bf6.} 34. Kd1 Rf8 (34... Rf5 $17 35. Ng3 Rf4) 35. R2g6+ $1 $11 {[%emt 0:03:22] The position is equal.} Rf6 36. Ng3 {[%emt 0:01:12][%cal Og7e7] Black must now prevent Rxe7+!} Rxg6 37. Rxg6+ {[%emt 0:00:06][%mdl 4096] Endgame KRB-KRN} Kd5 38. Rg4 e3 39. Nf5 Bf6 40. c4+ dxc3 {[%emt 0:00:42] [#] And now ...c2+ would win.} 41. Nxe3+ Ke6 42. Re4+ Kd7 43. Kc2 Rh5 44. h4 b5 45. b4 Bxh4 46. Kxc3 Be1+ 47. Kd3 Rh2 48. Nc2 Bg3 49. Rg4 Be5 50. Rg5 Ke6 51. Nd4+ Bxd4 52. Kxd4 Rxa2 53. Ke4 {[%emt 0:02:54][%mdl 32768] Weighted Error Value: White=0.06 (flawless) /Black=0.06 (flawless) . Sensor Board Error (Ke4/e5)?} 1-0

[Event "2nd Bassano Easter 2022"]
[Site "Bassano del Grappa"]
[Date "2022.04.15"]
[Round "3.2"]
[White "Basso, Pier Luigi"]
[Black "Hess, Max"]
[Result "1-0"]
[ECO "D37"]
[WhiteElo "2600"]
[BlackElo "2395"]
[Annotator "TA"]
[PlyCount "63"]
[EventDate "2022.04.14"]
[EventType "swiss"]
[EventCountry "ITA"]
[SourceTitle "playchess.com"]
[Source "ChessBase"]
[SourceQuality "1"]
[TimeControl "30/3600+30:1800+30"]

1. d4 d5 2. c4 e6 3. Nf3 Nf6 4. Nc3 a6 5. cxd5 exd5 6. Bg5 {[%emt 0:00:27] D37: Queen's Gambit Declined: 5 Bf4.} Be6 7. Bxf6 Qxf6 8. Qb3 {[%emt 0:00:06][%csl LRb7,LRd5] The position is equal.} Ra7 9. h4 (9. Nxd5 Qd8 10. e4 c6) 9... Qd8 10. Ng5 {[%emt 0:02:22] [#]} Nc6 $146 ({Predecessor:} 10... c5 11. dxc5 Nd7 12. O-O-O Nxc5 13. Qc2 Be7 14. g3 b5 15. Bg2 Rd7 16. Kb1 b4 {½-½ (122) Miton,K (2589)-Meskovs,N (2550) Germany 2021}) 11. e3 (11. e4 {feels hotter.} Bb4 12. O-O-O Bxc3 13. bxc3 b5 14. exd5 Qxd5 15. Re1) 11... Be7 12. Nxe6 {[%emt 0:00:07] &Bianco is more active.} fxe6 13. g3 O-O 14. Bh3 Qd6 15. O-O Kh8 16. f4 ({White should try} 16. Rac1 $16) 16... Na5 $14 17. Qc2 c5 18. Rae1 (18. dxc5 {with more complications.} Qxc5 19. Bxe6 Qxe3+ 20. Qf2) 18... b6 19. Kh2 Nc6 20. Qd2 Raa8 21. dxc5 bxc5 22. e4 d4 {[%emt 0:01:35] [#]} 23. e5 $1 dxc3 24. exd6 cxd2 {[%emt 0:00:04] [#]} 25. dxe7 $1 Nxe7 (25... Rfe8 26. Rd1) 26. Rxe6 Rad8 27. Rd1 Nf5 28. Kg2 Rf6 (28... Nd4 $16) 29. Re2 $18 Nd4 30. Rdxd2 Rb8 (30... g6 $142 31. Kf2 Rc6) 31. Re5 Rfb6 32. b3 {[%emt 0:03:03] Weighted Error Value: White=0.05 (flawless) /Black=0.17 (very precise)} ({Don't do} 32. Rxc5 $6 Rxb2 33. Rc8+ Rxc8 34. Rxb2 Rc2+ 35. Rxc2 Nxc2 $18) 1-0

[Event "2nd Bassano Easter 2022"]
[Site "Bassano del Grappa"]
[Date "2022.04.15"]
[Round "3.3"]
[White "Gilevych, Artem"]
[Black "Postny, Evgeny"]
[Result "1/2-1/2"]
[ECO "D24"]
[WhiteElo "2422"]
[BlackElo "2567"]
[Annotator "TA"]
[PlyCount "72"]
[EventDate "2022.04.14"]
[EventType "swiss"]
[EventCountry "ITA"]
[SourceTitle "playchess.com"]
[Source "ChessBase"]
[SourceQuality "1"]
[TimeControl "30/3600+30:1800+30"]

1. Nf3 d5 2. d4 Nf6 3. c4 e6 4. Nc3 dxc4 5. e3 a6 6. a4 b6 {[%emt 0:00:26] D24: Queen's Gambit Accepted: 3 Nf3 Nf6 4 Nc3.} 7. Bxc4 Bb7 8. O-O Bb4 9. Qe2 O-O 10. Rd1 Qe7 11. Bd3 c5 12. Na2 (12. e4 $5 ) 12... Nc6 13. Nxb4 Nxb4 14. Bb1 Rfd8 15. Bd2 cxd4 (15... Bxf3 $5 16. Qxf3 cxd4 $17) 16. Nxd4 {[%emt 0:03:44] [#]} Rac8 $146 ({Predecessor:} 16... g6 17. Qe1 a5 18. Bxb4 axb4 19. Bd3 e5 20. Nc2 b3 21. Qb4 Qe6 22. Ne1 Bd5 {½-½ (49) Edouard,R (2666)-Nakamura,H (2784) Geneve 2013}) 17. Qe1 Nc6 18. Nf3 Na5 19. Bxa5 Rxd1 20. Qxd1 bxa5 21. Bd3 Qb4 22. Qe2 Qb6 23. Ne5 Rc5 24. f4 g6 25. h3 Rc8 26. Kh2 Nd5 27. Re1 Nb4 (27... Qb4 {feels hotter.} 28. Rd1 Kg7 29. Bc4 f6) 28. Bc4 Rd8 29. b3 Qd6 30. Ng4 ({Better is} 30. Qf2 $14) 30... Qd2 $11 31. Qxd2 Rxd2 32. Re2 {[%emt 0:00:01] The position is equal.} Rd1 33. e4 h5 34. Nf2 Rd4 35. Kg3 Kf8 36. Kf3 Ke7 {[%emt 0:00:36] Weighted Error Value: White=0.12 (very precise) /Black=0.10 (very precise)} 1/2-1/2

[Event "2nd Bassano Easter 2022"]
[Site "Bassano del Grappa"]
[Date "2022.04.15"]
[Round "3.4"]
[White "Heberla, Bartlomiej"]
[Black "Colbow, Collin"]
[Result "1-0"]
[ECO "E04"]
[WhiteElo "2570"]
[BlackElo "2370"]
[Annotator "TA"]
[PlyCount "69"]
[EventDate "2022.04.14"]
[EventType "swiss"]
[EventCountry "ITA"]
[SourceTitle "playchess.com"]
[Source "ChessBase"]
[SourceQuality "1"]
[TimeControl "30/3600+30:1800+30"]

1. d4 Nf6 2. c4 e6 3. g3 d5 4. Nf3 dxc4 5. Bg2 a6 6. O-O Nc6 7. e3 Bd7 8. Qe2 {[%emt 0:00:00] E04: Open Catalan: 5 Nf3.} Bd6 {[%emt 0:00:05] is currently scoring better than 8...b5.} 9. Qxc4 O-O 10. Rd1 {[%emt 0:00:00] White is slightly better.} Qe7 11. Nc3 h6 12. Nd2 e5 13. d5 Na5 14. Qe2 {[%emt 0:00:00] [#]} Rac8 $146 ({Predecessor:} 14... b6 15. b3 Nb7 16. Bb2 Bg4 17. f3 Bd7 18. Kh1 Rfc8 19. e4 b5 20. Re1 h5 21. f4 Re8 {½-½ (21) Hartl,H (2339)-Bolz,B (2335) GER email 2016}) 15. Nde4 Nxe4 16. Nxe4 b5 17. Bd2 Nb7 18. Rac1 f5 19. Nxd6 cxd6 20. Qd3 (20. b4 $14) 20... Nc5 $11 21. Qa3 Qd8 22. Qa5 Qxa5 23. Bxa5 f4 24. exf4 exf4 25. gxf4 Rxf4 26. b3 {[%emt 0:00:00] Against Ra4} Rcf8 27. Bc7 {[%emt 0:00:00] A strong pair of Bishops.} Ne4 (27... Nb7 $11 {keeps the balance.}) 28. f3 $16 Rxf3 29. Bxf3 Rxf3 {[%emt 0:00:04] [#]} 30. Rf1 $1 Rd3 31. Rcd1 $1 Rc3 ({Black should try} 31... Rh3 $1 $14) 32. Ba5 $36 {[%emt 0:01:11][%mdl 2048] White has strong initiative.} Rc2 {[%emt 0:01:19] [#]} 33. Rd4 $1 Rxa2 $2 34. Rxe4 $18 Rxa5 35. Re7 {[%emt 0:01:33] Weighted Error Value: White=0.06 (flawless) /Black=0.17 (very precise)} 1-0